 Dungeon Crawl Stone Soup version bcrawl-1.12-11-gb93c957c58 (webtiles) character file.

Game seed: 15488169995130804667

130 DasRunzen the Sneak (level 4, -1/29 HPs)
             Began as a Dusk Walker Rogue on July 9, 2019.
             Killed from afar by an orc wizard (9 damage)
             ... with a magic dart
             ... on level 2 of the Dungeon.
             The game lasted 00:04:00 (1653 turns).

DasRunzen the Sneak (Dusk Walker Rogue)             Turns: 1653, Time: 00:04:01

Health: -1/29      AC:  4    Str: 11    XL:     4   Next: 90%
Magic:  0/6        EV: 11    Int: 12    God:
Gold:   154        SH:  0    Dex: 15    Spells: 3/3 levels left

rFire    . . .     SeeInvis .   a - +2 dagger
rCold    . . .     Gourm    .   (no shield)
rNeg     . . .     Faith    .   c - +0 robe
rPois    .         Spirit   +   (no helmet)
rElec    .         Reflect  .   d - +1 cloak
rCorr    .         Harm     .   (no gloves)
MR       .....                  (no boots)
Stlth    +++++.....             l - amulet of guardian spirit
HPRegen  0.09/turn              (no ring)
MPRegen  0.10/turn              (no ring)

@: no status effects
A: draining touch, unencumbered stealth, fangs 2, nightstalker 1
a: no special abilities


You were on level 2 of the Dungeon.
You were very hungry.

You visited 1 branch of the dungeon, and saw 3 of its levels.

You collected 154 gold pieces.

Inventory:

Hand Weapons
 a - a +2 dagger (weapon)
 b - a +0 blowgun
Missiles
 e - 80 poisoned needles
Armour
 c - a +0 robe (worn)
 d - a +1 cloak (worn)
Jewellery
 l - an amulet of guardian spirit (around neck)
Wands
 f - a wand of flame (15)
 g - a wand of enslavement (15)
Scrolls
 k - 2 scrolls of remove curse
 q - a scroll of teleportation
Potions
 i - a potion of brilliance
 m - a potion of lignification
 o - a potion of haste
 p - a potion of mutation {unknown}
Comestibles
 h - 4 rations {!d}


   Skills:
 + Level 1.8 Fighting
 + Level 3.4 Short Blades
 + Level 2.3 Throwing
 + Level 7.3 Stealth
 + Level 2.8 Evocations


You had 3 spell levels left.
You didn't know any spells.
Your spell library was empty.

Dungeon Overview and Level Annotations

Branches:
Dungeon (3/12)

Altars:
The Shining One


Innate Abilities, Weirdness & Mutations

Your attacks drain your enemies.
You move stealthily even while encumbered by armour.
You have extremely sharp teeth.
You are slightly more attuned to the shadows.


Message History

The orc priest mumbles some strange prayers to Beogh against you.
Beogh smites you! Something hits you.
* * * LOW HITPOINT WARNING * * *
You climb upwards.
Reactivating autopickup.
There is a stone staircase leading down here.
Unknown command.
Deactivating autopickup; reactivate with Ctrl-A.
You miss something. Your bite misses something. The rat misses you.
Something hits you but does no damage.
You hit something.
The rat twitches its whiskers.
The rat closely misses you.
You hear some strange, mumbled words.
Something tries to affect you, but you resist.
You hit something. The rat barely misses you.
You hear some strange, mumbled words.
A magic dart appears from out of thin air!
The magic dart hits you!
You die...

#####.# #.# #.# #
...##.# #.# #.# #
...##.# #.# #.# #
...(..# #.# ###.# #
...#### #.# #...# #
...# #.# #.### # .###
#.###.# # .# #...r{# #
.# #####@# # .## #_#
..##### #.# ...>รท.#
#.######### ..###.#
#.........######## .##
#.# #.######..........
.# #.# #.# #.######.##
.# #.#
########.######.# #...
.#
##.###.............(.#
####


You could see a rat.

Vanquished Creatures
  4 gnolls (D:2)
  2 adders (D:2)
  2 oozes (D:2)
  2 dart slugs
  3 leopard geckos
  3 orcs
  3 ball pythons
  4 giant cockroaches
  3 goblins
  9 hobgoblins
  A jackal (D:2)
  A quokka (D:2)
  6 bats
  5 frilled lizards
  6 kobolds
  A quokka skeleton (D:2)
  A rat (D:1)
56 creatures vanquished.

Notes
Turn   | Place    | Note
-------+----------+-------------------------------------------
     0 | D:1      | DasRunzen the Dusk Walker Rogue began the quest for the
                  | Orb.
     0 | D:1      | Reached XP level 1. HP: 11/11 MP: 2/2
   107 | D:1      | Reached XP level 2. HP: 18/18 MP: 3/3
   304 | D:1      | Reached skill level 1 in Fighting
   307 | D:1      | Reached XP level 3. HP: 19/23 MP: 4/4
   667 | D:2      | Found a glowing golden altar of the Shining One.
   758 | D:2      | Reached skill level 7 in Stealth
   796 | D:2      | Gained mutation: You are slightly more attuned to the
                  | shadows. [Dusk Walker growth]
   796 | D:2      | Reached XP level 4. HP: 19/28 MP: 3/5
  1653 | D:2      | Killed from afar by an orc wizard

Skill      XL: |  1  2  3 |
---------------+----------+-----
Fighting       | 1 |  1.8
Throwing       | 2 |  2.3
Short Blades   | 3 |  3.4
Stealth        | 7 |  7.3
Evocations     | |  2.8

Action                   |  1- 3 |  4- 6 || total
-------------------------+-------+-------++-------
Melee: Dagger            |    89 |    30 ||   119
       Bite              |     5 |     1 ||     6
  Use: Scroll            |     3 |     6 ||     9
 Stab: Sleeping          |    13 |    10 ||    23
  Eat: Chunk             |       |     1 ||     1
Armor: Robe              |    21 |     4 ||    25
Dodge: Dodged            |    53 |    13 ||    66
